 Dungeon Crawl Stone Soup version 0.30.1-11-g7821555f0a (webtiles) character file.

Game seed: 16752448794879462522

7 azobrab the Caller (level 2, 0/19 HPs)
             Began as a Merfolk Summoner on Jan 12, 2024.
             Slain by a quokka (5 damage)
             ... on level 2 of the Dungeon.
             The game lasted 00:04:03 (262 turns).

azobrab the Caller (Merfolk Summoner)                Turns: 262, Time: 00:04:03

Health: 0/19       AC:  2    Str:  8    XL:     2   Next: 0%
Magic:  3/5        EV: 13    Int: 14    God:
Gold:   0          SH:  0    Dex: 14    Spells: 4/5 levels left

rFire   . . .        (no weapon)
rCold   . . .        (no shield)
rNeg    . . .        a - +0 robe
rPois   +            (no helmet)
rElec   .            (no cloak)
rCorr   .            (no gloves)
SInv    .            (no boots)
Will    .....        (no amulet)
Stlth   ++           (no ring)
HPRegen 0.23/turn    (no ring)
MPRegen 0.09/turn

%: no passive effects
@: no status effects
A: (nimble swimmer 2), mertail, poison resistance
a: no special abilities


You were on level 2 of the Dungeon.
You visited 1 branch of the dungeon, and saw 2 of its levels.

Inventory:

Armour
 a - a +0 robe (worn)
Scrolls
 e - a scroll of enchant weapon
Potions
 b - a potion of magic


   Skills:
 + Level 2.9 Dodging
 + Level 2.1 Stealth
 + Level 2.0 Spellcasting
 + Level 4.3 Summonings


You had 4 spell levels left.
You knew the following spells:

 Your Spells              Type           Power      Damage    Failure   Level
a - Summon Small Mammal   Summ           52%        N/A       4%          1

Your spell library contained the following spells:

 Spells                   Type           Power      Damage    Failure   Level
 Call Imp                 Summ           26%        N/A       6%          2
 Call Canine Familiar     Summ           13%        N/A       12%         3
 Summon Guardian Golem    Hex/Summ       7%         N/A       30%         3
 Summon Lightning Spire   Summ/Air       7%         N/A       69%         4


Dungeon Overview and Level Annotations

Branches:
Dungeon (2/15)

Altars:


Innate Abilities, Weirdness & Mutations

((You are very nimble when in or above water. (Stealth+, EV+, Speed+++)))
Your lower body shifts to a powerful aquatic tail in water.
Your system is resistant to poisons. (rPois)


Message History

The quokka bites you.
* * * LOW HITPOINT WARNING * * *
Your rat misses the quokka.
It was a potion of mutation.
You feel extremely strange.
You feel resistant to poisons.
The quokka bites you but does no damage.
Your rat bites the quokka but does no damage.
A kobold comes into view. It is wielding a +0 whip.
The kobold shouts!
As you read the scroll labelled ECUSHO HAPO, it crumbles to dust.
It is a scroll of identify.
e - a scroll of enchant weapon The quokka closely misses you.
Your rat closely misses the quokka.
Okay, then.
The quokka bites you but does no damage.
Casting: Summon Small Mammal (safe; 4% risk of failure)
Confirm with . or Enter, or press ? or * to list all spells.
The quokka closely misses you.
Your rat closely misses the quokka.
You swap places.
The quokka closely misses your rat.
The kobold throws a stone.
The stone hits your rat.
Your rat bites the quokka but does no damage.
Your rat bites the quokka.
The quokka bites your rat.
The kobold throws a stone.
The stone hits your rat but does no damage.
Your rat barely misses the quokka.
Your rat misses the quokka. The quokka bites your rat.
Your rat dies!
Your rat's corpse disappears in a puff of smoke!
Your rat barely misses the quokka.
The kobold throws a stone.
The stone barely misses your rat.
The stone misses the quokka.
The stone barely misses you.
The kobold throws a stone.
The stone closely misses your rat.
The stone closely misses the quokka.
The stone completely misses you.
Your rat disappears in a puff of smoke!
The quokka bites you.
* * * LOW HITPOINT WARNING * * *
Casting: Summon Small Mammal (safe; 4% risk of failure)
Confirm with . or Enter, or press ? or * to list all spells.
The quokka bites you.
You die...

## #.#..# .# #.#..# ###
.#.##.#..########## ...
.#............r..#.
##.###
.......#....####.#.
.....
.#####......####.#.#.#.#
.# #.........##.##...<#
.# #....#..#...r....# ##
#...###.####@##### #..#
##K..r.# ### #.#
#.###### ... #. #.# ##.
#.# ... #. ... # ... ##.


You could see a quokka (ally target), a kobold and a friendly quokka (summoned).

Vanquished Creatures (collateral kills)
  A ball python (D:2)
  A giant cockroach (D:2)
  A goblin (D:1)
  A hobgoblin (D:2)
  A frilled lizard (D:1)
  A kobold (D:1)
6 creatures vanquished.

Notes
Turn   | Place    | Note
-------+----------+-------------------------------------------
     0 | D:1      | azobrab the Merfolk Summoner began the quest for the Orb.
     0 | D:1      | Reached XP level 1. HP: 13/13 MP: 3/3
   172 | D:2      | Reached XP level 2. HP: 15/19 MP: 0/5
   251 | D:2      | Gained mutation: Your system is resistant to poisons.
                  | (rPois) [potion of mutation]
   262 | D:2      | Slain by a quokka

Illustrated notes

Levels and vault maps discovered:
D:1:      shiori_arrival_elements, layout_loops_ring,
          amcnicky_mini_rare_corridor_liquid, minmay_tetromino_t4
D:2:      layout_loops_cross

Action                     || total
---------------------------++-------
  Melee: Unarmed           ||     2
   Cast: Summon Small Mamm ||    12
    Use: Scroll            ||     1
         Potion            ||     1
 Armour: Robe              ||     9
  Dodge: Dodged            ||    30
